 Dungeon Crawl Stone Soup version 0.25-a0-424-g80bd347ae0 (webtiles) character file.

Game seed: 4080348478356042873, levelgen mode: deterministic

274 Bikalo the Slasher (level 6, 0/38 HPs)
             Began as a Tengu Berserker on Jan 20, 2020.
             Was a Priest of Trog.
             Slain by a centaur skeleton (7 damage)
             ... on level 4 of the Dungeon.
             The game lasted 00:04:35 (3637 turns).

Bikalo the Slasher (Tengu Berserker)                Turns: 3637, Time: 00:04:35

Health: 0/38       AC:  3    Str: 17    XL:     6   Next: 24%
Magic:  7/7        EV: 13    Int:  8    God:    Trog [***...]
Gold:   152        SH:  0    Dex: 15    Spells: 5/5 levels left

rFire    . . .     SeeInvis .   a - +0 falchion
rCold    . . .     Gourm    .   (no shield)
rNeg     . . .     Faith    .   f - +0 leather armour
rPois    .         Spirit   .   (helmet restricted)
rElec    .         Reflect  .   (no cloak)
rCorr    .         Harm     .   (no gloves)
MR       .....                  (boots unavailable)
Stlth    +.........             (no amulet)
HPRegen  0.52/turn              (no ring)
MPRegen  0.10/turn              (no ring)

@: berserk cooldown, very slightly contaminated, invisible
A: beak, talons 3, regeneration 1, able to fly
a: Fly, Berserk, Trog's Hand, Renounce Religion


You were on level 4 of the Dungeon.
You worshipped Trog.
Trog was most pleased with you.
You were very hungry.

You visited 1 branch of the dungeon, and saw 4 of its levels.

You collected 152 gold pieces.

Inventory:

Hand Weapons
 a - a +0 falchion (weapon)
Missiles
 j - 11 poisoned darts (quivered)
Armour
 f - a +0 leather armour (worn)
Jewellery
 h - a +6 ring of evasion {unknown}
 s - the cursed ring of Wiwkiocw {+Blink Str-3 Int-5 SInv, unknown}
   (You found it on level 4 of the Dungeon)

   [ring of strength]

   It affects your strength (-3).
   It affects your intelligence (-5).
   It lets you see invisible.
   It lets you blink.
   It has a curse placed upon it.
Wands
 t - a wand of acid (9)
Scrolls
 b - a scroll of identify {unknown}
 g - 2 scrolls of blinking {unknown}
 i - a scroll of magic mapping {unknown}
 l - 2 scrolls of noise {unknown}
 m - a scroll of enchant weapon {unknown}
 n - 2 scrolls of teleportation {unknown}
 o - a scroll of remove curse {unknown}
Potions
 e - 2 potions of flight
 k - a potion of curing {unknown}
 p - a potion of might {unknown}
 r - a potion of berserk rage
Comestibles
 c - 5 rations


   Skills:
 + Level 3.9 Fighting
 * Level 5.2 Long Blades
 + Level 1.6 Throwing
 + Level 3.4 Armour
 + Level 3.5 Dodging


You had 5 spell levels left.
You didn't know any spells.
Your spell library was empty.

Dungeon Overview and Level Annotations

Branches:
Dungeon (4/15)
 Temple: D:4-7

Altars:
Ru
Trog


Innate Abilities, Weirdness & Mutations

You have a beak for a mouth.
You have claws for feet.
You can fly continuously.
Your natural rate of healing is unusually fast.


Message History

The centaur skeleton hits you.
* * * LOW HITPOINT WARNING * * *
You feel yourself speed up.
The centaur skeleton closely misses you.
You riposte.
You hit the centaur skeleton. You claw the centaur skeleton.
The centaur skeleton is heavily damaged.
The centaur skeleton hits you but does no damage.
The centaur skeleton hits you.
* * * LOW HITPOINT WARNING * * *
An orc comes into view. It is wielding a -3 flail.
The orc shouts!
It was a potion of invisibility.
You fade into invisibility!
The centaur skeleton barely misses you. x2
You are very lightly contaminated with residual magic.
You hit the centaur skeleton.
The centaur skeleton is severely damaged.
A ball python comes into view.
The centaur skeleton hits you!
You die...

#.......# .. #
#......# . ..
##......# .#
...#####.......###.#
#$
....S.#....[#...#..#
#. #......#####.....##
##.
...###....#####.....##
#..
##..Z...........###..
#..@##..............
#...#####......###...
#..## ##...### #...
.o..# #...# #...
.....## #...# #...
..... #..## #... .....
##..### #... ....
#.....####...
###............


You could see an orc, a ball python (wandering) and a centaur skeleton.

Vanquished Creatures
  An ice beast (D:4)
  Ijyb (D:4)
  Terence (D:3)
  A hound skeleton (D:4)
  4 adders
  A worm (D:2)
  4 dart slugs
  3 leopard geckos
  An orc (D:3)
  2 giant cockroaches
  12 goblins
  12 hobgoblins
  6 jackals (D:3)
  3 ball pythons
  9 bats
  5 frilled lizards
  3 kobolds
  8 rats
77 creatures vanquished.

Notes
Turn   | Place    | Note
-------+----------+-------------------------------------------
     0 | D:1      | Bikalo the Tengu Berserker began the quest for the Orb.
     0 | D:1      | Reached XP level 1. HP: 14/14 MP: 2/2
    78 | D:1      | Reached XP level 2. HP: 19/19 MP: 3/3
   776 | D:1      | Reached XP level 3. HP: 23/23 MP: 4/4
   914 | D:1      | Reached ** piety under Trog
   933 | D:1      | Reached skill level 4 in Long Blades
  1555 | D:2      | Found a sacrificial altar of Ru.
  1663 | D:2      | Reached XP level 4. HP: 14/28 MP: 5/5
  2529 | D:2      | Found a faded altar of an unknown god.
  2666 | D:3      | Noticed Terence
  2676 | D:3      | Killed Terence
  3047 | D:3      | Gained mutation: You can fly continuously. [Tengu growth]
  3047 | D:3      | Reached XP level 5. HP: 32/32 MP: 6/6
  3143 | D:3      | Reached *** piety under Trog
  3506 | D:4      | Noticed an ice beast
  3514 | D:4      | Killed an ice beast
  3514 | D:4      | Reached skill level 5 in Long Blades
  3514 | D:4      | Reached skill level 1 in Throwing
  3514 | D:4      | Reached XP level 6. HP: 31/38 MP: 7/7
  3541 | D:4      | Found a bloodstained altar of Trog.
  3544 | D:4      | Got a sparkling copper ring
  3583 | D:4      | Noticed Ijyb
  3591 | D:4      | Killed Ijyb
  3631 | D:4      | Gained mutation: You occasionally shout uncontrollably at
                  | your foes. [potion of mutation]
  3631 | D:4      | Lost mutation: You occasionally shout uncontrollably at
                  | your foes. [potion of mutation]
  3631 | D:4      | Gained mutation: Your natural rate of healing is unusually
                  | fast. [potion of mutation]
  3637 | D:4      | Slain by a centaur skeleton

Levels and vault maps discovered:
D:1:      tarquinn_simple_flora_water_e, layout_basic
D:2:      layout_loops_cross, overflow_temple_1_default,
          chequers_ecumenical_altar_simple, minmay_tromino_v4_b
D:3:      layout_basic, minivault_11, uniq_terence
D:4:      layout_layer_cave, bloody_trog, uniq_grinder, uniq_ijyb

Skill      XL: |  1  2  3  4  5 |
---------------+----------------+-----
Long Blades    | 4 5 |  5.2
Dodging        | 3 |  3.5
Armour         | 3 |  3.4
Throwing       | 1 |  1.6
Fighting       | |  3.9

Action                   |  1- 3 |  4- 6 || total
-------------------------+-------+-------++-------
Melee: Falchion          |    71 |    79 ||   150
       Kick              |    20 |    27 ||    47
       Peck              |    10 |    16 ||    26
Throw: Dart              |       |     3 ||     3
Invok: Berserk           |     1 |     1 ||     2
  Use: Potion            |       |     4 ||     4
 Stab: Sleeping          |     2 |       ||     2
  Eat: Chunk             |     2 |     7 ||     9
Armor: Animal skin       |    10 |       ||    10
       Leather armour    |     4 |    11 ||    15
Dodge: Dodged            |    48 |    54 ||   102
       Rpst.: Falchion   |    18 |    26 ||    44

Table legend:
 A = Non-vault XP
 B = Vault XP
 C = Vault XP percentage of total XP
 D = Non-vault monster count
 E = Vault monster count
 F = Vault count percentage of total count
                 A         B        C        D         E       F
            +---------+---------+-------+---------+---------+-------
      Total |     322 |      70 |  17.9 |      73 |       4 |   5.2
            +---------+---------+-------+---------+---------+-------
        D:1 |      64 |       0 |   0.0 |      34 |       0 |   0.0
        D:2 |      31 |       2 |   6.1 |       8 |       2 |  20.0
        D:3 |      85 |      32 |  27.4 |      29 |       1 |   3.3
        D:4 |     142 |      36 |  20.2 |       2 |       1 |  33.3
            +---------+---------+-------+---------+---------+-------
